cohdb
Replays
Latest Replays
All Replays
Popular Replays
Top Player Replays
Match Explorer
How It Works
Community
CoH3 Stats
Reddit
Sign in to upload your games and track your stats! →
Sign in with Steam
Match 40957249
Unlisted
Match 40957249
Overview
Messages
Build Orders
End
250 Light Carrier
Selects Italian Infantry
Panzerpioneer Squad
250 Light Carrier
Construct Light Support Kompanie
MG34 Team
Fire Support Elements
Combat Half-tracks
Flakvierling Half-track
Selects Guastatori Squad
Guastatori Squad
Pak 38 Mechanized Group
Selects Defensive Operations
2.5-tonne Medical Truck
Selects Territory Booby Traps
Construct Panzerarmee Kommand
Veteran Squad Leaders
Seraph
JIANHU
TIAmoRoselia.
Gage
[EPIC]SAGEKING
Monseigneur
Potato Ball Sack
Reese Witherspoon
0
0
Comments
sign in to comment!
No comments posted yet!